 Dungeon Crawl Stone Soup version 0.20.1-1-g8b1a95d (webtiles) character file.

5036 vineage the Blocker (level 10, -4/51 HPs)
             Began as a Vine Stalker Fighter on Oct 7, 2017.
             Was a High Priest of Okawaru.
             Slain by a two-headed ogre
             ... wielding a +0 giant club
              (15 damage)
             ... on level 8 of the Dungeon.
             The game lasted 00:10:37 (6002 turns).

vineage the Blocker (Vine Stalker Fighter)          Turns: 6002, Time: 00:10:38

Health: -4/51      AC: 20    Str: 20    XL:     10   Next: 55%
Magic:  0/12       EV:  6    Int:  8    God:    Okawaru [*****.]
Gold:   447        SH: 18    Dex: 16    Spells: 9/9 levels left

rFire    . . .     SeeInvis +   a - +0 long sword
rCold    . . .     Gourm    .   c - +1 shield
rNeg     + + .     Faith    .   s - +3 plate armour of Xet Bat {*Drain +Blink rN++ MR+}
rPois    .         Spirit   +   L - +2 helmet {SInv}
rElec    .         Reflect  +   (no cloak)
rCorr    .         Harm     .   o - +0 pair of gloves
MR       ++...                  (no boots)
Stlth    ..........             j - +5 amulet of reflection
Regen    0.6/turn               (no ring)
MPRegen  0.2/turn               (no ring)

@: no status effects
A: fangs 3, high mp 1, regeneration 1, magic shield, antimagic bite, no potion
heal 3, rot immunity, sturdy frame 1
a: Heroism, Finesse, Renounce Religion, Evoke Blink


You were on level 8 of the Dungeon.
You worshipped Okawaru.
Okawaru was extremely pleased with you.
You were hungry.

You visited 2 branches of the dungeon, and saw 9 of its levels.

You collected 447 gold pieces.

Inventory:

Hand Weapons
 a - a +0 long sword (weapon)
Armour
 b - a +0 scale mail
 c - a +1 shield (worn)
 o - a +0 pair of gloves (worn)
 s - the +3 plate armour of Xet Bat (worn) {*Drain +Blink rN++ MR+}
   (You found it on level 5 of the Dungeon)

   It greatly protects you from negative energy.
   It affects your resistance to hostile enchantments.
   It lets you blink.
   It causes draining when unequipped.
 w - a +0 hat
 L - a +2 helmet of see invisible (worn)
Jewellery
 j - a +5 amulet of reflection (around neck)
 u - an uncursed amulet of regeneration {unknown}
 F - a cursed amulet of inaccuracy {unknown}
 G - a cursed +3 amulet of reflection
Wands
 x - a wand of iceblast (6/15)
Scrolls
 e - a scroll of magic mapping
 h - 3 scrolls of teleportation
 k - a scroll of recharging
 l - 3 scrolls of amnesia
 m - a scroll of enchant armour
 z - 4 scrolls of remove curse
 C - 4 scrolls of identify
 D - a scroll of blinking
Potions
 d - a potion of might
 i - 3 potions of curing
 p - 2 potions of heal wounds
 q - 2 potions of flight
 r - a potion of ambrosia
 t - a potion of invisibility {unknown}
 A - 4 potions of agility {unknown}
Books
 y - a book of Cantrips

   Spells                             Type                      Level
   a - Confusing Touch                Hexes                        1
   b - Animate Skeleton               Necromancy                   1
   c - Summon Small Mammal            Summoning                    1
   d - Apportation                    Translocation                1
 B - a book of Air

   Spells                             Type                      Level
   a - Shock                          Conjuration/Air              1
   b - Swiftness                      Charms/Air                   2
   c - Static Discharge               Conjuration/Air              3
   d - Airstrike                      Air                          4
   e - Lightning Bolt                 Conjuration/Air              5
 I - a book of Death

   Spells                             Type                      Level
   a - Corpse Rot                     Necromancy                   2
   b - Sublimation of Blood           Necromancy                   2
   c - Agony                          Necromancy                   5
   d - Dispel Undead                  Necromancy                   5
   e - Excruciating Wounds            Charms/Necromancy            5
   f - Bolt of Draining               Conjuration/Necromancy       5
 J - a book of Clouds

   Spells                             Type                      Level
   a - Poisonous Vapours              Poison/Air                   2
   b - Mephitic Cloud                 Conjuration/Poison/Air       3
   c - Conjure Flame                  Conjuration/Fire             3
   d - Freezing Cloud                 Conjuration/Ice/Air          6
   e - Ring of Flames                 Charms/Fire                  7
Miscellaneous
 H - a lamp of fire
Comestibles
 f - 5 bread rations
 g - 4 meat rations
 n - 7 fruits
 v - 4 royal jellies


   Skills:
 + Level 5.1 Fighting
 + Level 8.7 Long Blades
 + Level 5.7 Armour
 + Level 1.7 Dodging
 + Level 0.6 Stealth
 + Level 8.7 Shields


You had 9 spell levels left.
You didn't know any spells.

Dungeon Overview and Level Annotations

Branches:
Dungeon (8/15)             Temple (1/1) D:5
   Lair: D:8-11

Altars:
Ashenzari
Elyvilon
Fedhas
Gozag
Hepliaklqana
Kikubaaqudgha
Makhleb
Nemelex Xobeh
Okawaru
Qazlal
Ru
Uskayaw
Vehumet
Xom
Zin
The Shining One


Innate Abilities, Weirdness & Mutations

You have razor-sharp teeth.
Your natural rate of healing is unusually fast.
When hurt, damage is shared between your health and your magic reserves.
Your bite disrupts and absorbs the magic of your enemies.
Potions cannot restore your health.
You are immune to rotting.
You have an increased reservoir of magic. (+10% MP)
Your movements are slightly less encumbered by armour. (ER -2)


Message History

* * * LOW HITPOINT WARNING * * *
You barely miss the two-headed ogre. You bite the two-headed ogre.
You drain its power.
You feel invigorated.
The two-headed ogre is severely wounded.
You slash the two-headed ogre! Your bite misses the two-headed ogre.
The two-headed ogre is almost dead.
The two-headed ogre hits you with a giant club.
* * * LOW HITPOINT WARNING * * *
You block the two-headed ogre's attack.
You hit the two-headed ogre but do no damage.
You bite the two-headed ogre, but do no damage.
The two-headed ogre is almost dead.
You block the two-headed ogre's attack.
The two-headed ogre hits you but does no damage.
You hit the two-headed ogre. Your bite misses the two-headed ogre.
The two-headed ogre is almost dead.
You feel sick.
You are no longer poisoned.
The two-headed ogre hits you with a giant club!!
You die...

#........#..........#
#........##########.#
.@..... #.# ..... #.#
... #.# #.# #.# #.#
#.# #O# #.# #@# #.#
#)##### #[# #.....#
#.# #####.# #.# #.#
#.# #.##########.#
#............#
############.# ###


You could see a two-headed ogre.

Vanquished Creatures
  Erica (D:8)
  A two-headed ogre (D:7)
  A komodo dragon (D:7)
  A hippogriff (D:7)
  A wyvern (D:7)
  A water moccasin (D:6)
  Duvessa (D:6)
  2 ice beasts
  An orc warrior (D:7)
  3 ogres
  3 centaurs
  3 bullfrogs (D:7)
  A wyvern zombie (D:8)
  A gnoll sergeant (D:8)
  Dowan (D:6)
  A scorpion (D:7)
  6 killer bees (D:8)
  4 wights (D:6)
  2 crimson imps
  4 howler monkeys
  A jelly (D:8)
  4 orc priests
  2 hounds
  12 orc wizards
  A centaur skeleton (D:8)
  An iguana (D:7)
  6 worker ants
  A hound zombie (D:8)
  A hound skeleton (D:5)
  2 howler monkey zombies
  Robin (D:4)
  A howler monkey skeleton (D:7)
  7 gnolls
  8 adders
  5 oozes
  An adder skeleton (D:7)
  2 worms (D:3)
  3 dart slugs
  5 leopard geckos
  27 orcs
  4 bats
  2 giant cockroaches
  6 hobgoblins
  2 jackals (D:7)
  7 kobolds
  6 quokkas
  5 ball pythons
  9 frilled lizards
  11 goblins
  A quokka skeleton (D:6)
  9 rats
192 creatures vanquished.

Vanquished Creatures (others)
  A goblin (D:2)
  A plant (D:5)
2 creatures vanquished.

Grand Total: 194 creatures vanquished

Notes
Turn   | Place    | Note
-------+----------+-------------------------------------------
     0 | D:1      | vineage the Vine Stalker Fighter began the quest for the Orb.
     0 | D:1      | Reached XP level 1. HP: 11/11 MP: 2/2
   109 | D:1      | Reached XP level 2. HP: 16/16 MP: 3/3
   387 | D:1      | Reached XP level 3. HP: 13/20 MP: 4/4
   830 | D:2      | Found a hide-covered altar of Uskayaw.
   847 | D:2      | You fall through a shaft!
   983 | D:2      | Found an ancient bone altar of Kikubaaqudgha.
  1165 | D:2      | Gained mutation: Your natural rate of healing is unusually fast. [Vine Stalker growth]
  1165 | D:2      | Reached XP level 4. HP: 24/24 MP: 5/5
  1628 | D:2      | Noticed an angel
  1629 | D:2      | Found a glowing silver altar of Zin.
  1945 | D:3      | Reached XP level 5. HP: 21/28 MP: 6/6
  2301 | D:4      | Found a shattered altar of Ashenzari.
  2458 | D:4      | Found a shimmering altar of Xom.
  2589 | D:4      | Noticed Robin
  2614 | D:4      | Reached XP level 6. HP: 8/32 MP: 3/7
  2627 | D:4      | Killed Robin
  2752 | D:4      | Reached skill level 1 in Dodging
  3082 | D:4      | Gained mutation: You are partially covered in thin metallic scales. (AC +2) [potion of mutation]
  3082 | D:4      | Gained mutation: You are partially covered in large bone plates. (SH +4) [potion of mutation]
  3082 | D:4      | Gained mutation: You evolve. [potion of mutation]
  3083 | D:4      | Lost mutation: You evolve. [potion of mutation]
  3083 | D:4      | Lost mutation: You are partially covered in thin metallic scales. (AC +2) [potion of mutation]
  3083 | D:4      | Lost mutation: You are partially covered in large bone plates. (SH +4) [potion of mutation]
  3083 | D:4      | Gained mutation: Your mind is acute. (Int +2) [potion of mutation]
  3083 | D:4      | Lost mutation: Your mind is acute. (Int +2) [potion of mutation]
  3083 | D:4      | Gained mutation: You have an increased reservoir of magic. (+10% MP) [potion of mutation]
  3083 | D:4      | Gained mutation: Your movements are slightly less encumbered by armour. (ER -2) [potion of mutation]
  3112 | D:5      | Entered Level 5 of the Dungeon
  3117 | D:5      | HP: 1/32 [ogre/giant club (17)]
  3183 | D:5      | Reached XP level 7. HP: 34/36 MP: 8/8
  3197 | D:5      | Got an ichor-stained plate armour
  3208 | D:5      | Identified the +3 plate armour of Xet Bat {*Drain +Blink rN++ MR+} (You found it on level 5 of the Dungeon)
  3416 | D:5      | Found a staircase to the Ecumenical Temple.
  3473 | Temple   | Entered the Ecumenical Temple
  3492 | Temple   | Became a worshipper of Warmaster Okawaru
  3701 | D:6      | Noticed Dowan
  3702 | D:6      | Noticed Duvessa
  3730 | D:6      | Killed Duvessa
  3748 | D:6      | Killed Dowan
  3748 | D:6      | Reached skill level 5 in Shields
  3816 | D:6      | Gained mutation: You have razor-sharp teeth. [Vine Stalker growth]
  3816 | D:6      | Reached XP level 8. HP: 24/42 MP: 9/9
  3822 | D:6      | Reached * piety under Okawaru
  3822 | D:6      | Reached skill level 5 in Long Blades
  3986 | D:6      | Reached ** piety under Okawaru
  4331 | D:7      | Reached XP level 9. HP: 17/46 MP: 10/10
  4473 | D:7      | Noticed a two-headed ogre
  4491 | D:7      | Killed a two-headed ogre
  4491 | D:7      | Reached skill level 5 in Armour
  4543 | D:7      | Reached *** piety under Okawaru
  4788 | D:7      | Noticed a komodo dragon
  4805 | D:7      | Killed a komodo dragon
  4805 | D:7      | Reached XP level 10. HP: 26/51 MP: 12/12
  4882 | D:7      | Found an opulent altar of Gozag.
  5313 | D:7      | Reached **** piety under Okawaru
  5938 | D:8      | Reached skill level 5 in Fighting
  5967 | D:8      | Noticed Erica
  5989 | D:8      | Killed Erica
  5989 | D:8      | Reached ***** piety under Okawaru
  5992 | D:8      | Noticed a two-headed ogre
  6002 | D:8      | Slain by a two-headed ogre

Skill      XL: |  1  2  3  4  5  6  7  8  9 10 |
---------------+-------------------------------+-----
Fighting       | 3 4 5 |  5.1
Shields        | 3 4 5 6 7 8 |  8.7
Long Blades    | 2 3 4 6 7 8 |  8.7
Armour         | 3 4 5 |  5.7
Dodging        | 1 |  1.7
Stealth        | |  0.6

Action                   |  1- 3 |  4- 6 |  7- 9 | 10-12 || total
-------------------------+-------+-------+-------+-------++-------
Melee: Long sword        |    84 |   177 |   335 |   167 ||   763
       Bite              |    22 |    54 |   121 |    69 ||   266
  Use: Scroll            |       |     5 |     1 |     8 ||    14
       Potion            |       |     3 |       |     1 ||     4
  Eat: Chunk             |       |     7 |     6 |     4 ||    17
Armor: Scale mail        |    19 |    72 |     2 |       ||    93
       Plate armour      |       |       |   123 |    80 ||   203
Dodge: Dodged            |    34 |    43 |    46 |    35 ||   158
Block: Shield            |    32 |   150 |   281 |   149 ||   612
       Reflection        |       |     6 |    10 |       ||    16
       Rpst.: Long sword |    10 |    14 |    14 |     4 ||    42
